 Dungeon Crawl Stone Soup version 0.29.1-1-gd02db6906a (webtiles) character file.

Game seed: 16976597399073247639

2314 warriortoast the Fighter (level 9, -10/89 HPs)
             Began as a Minotaur Fighter on Sept 29, 2022.
             Killed by divine providence
             ... invoked by an orc priest
              (16 damage)
             ... on level 7 of the Dungeon on Oct 3, 2022.
             The game lasted 00:13:42 (8872 turns).

warriortoast the Fighter (Minotaur Fighter)         Turns: 8872, Time: 00:13:43

Health: -10/89     AC:  6    Str: 25    XL:     9   Next: 18%
Magic:  8/8        EV:  9    Int:  5    God:
Gold:   257        SH:  4    Dex: 10    Spells: 8/8 levels left

rFire   + . .      SeeInvis .   a - +0 war axe
rCold   + . .      Faith    .   c - +0 buckler
rNeg    . . .      Spirit   .   b - +0 scale mail
rPois   .          Reflect  .   (helmet restricted)
rElec   .          Harm     .   i - scarf {rC+ rF+}
rCorr   .          Rampage  .   (no gloves)
Will    .....                   (no boots)
Stlth   ..........              (no amulet)
HPRegen 0.24/turn               (no ring)
MPRegen 0.11/turn               (no ring)

@: mighty
A: horns 2, retaliatory headbutt
a: no special abilities


You were on level 7 of the Dungeon.
You visited 1 branch of the dungeon, and saw 7 of its levels.

You collected 257 gold pieces.

Inventory:

Hand Weapons
 a - a +0 war axe (weapon)
Missiles
 A - 5 boomerangs (quivered)
Armour
 b - a +0 scale mail (worn)
 c - a +0 buckler (worn)
 i - a scarf of resistance (worn)
 y - a +0 plate armour
Jewellery
 p - a ring of protection from fire
 q - a ring of fire
 z - a ring of flight
 C - a ring of wizardry
Wands
 d - a wand of flame (70)
 E - a wand of iceblast (6)
Scrolls
 g - a scroll of identify
 h - 2 scrolls of vulnerability {unknown}
 k - a scroll of enchant weapon {unknown}
 m - a scroll of acquirement {unknown}
 o - 2 scrolls of immolation {unknown}
 r - 2 scrolls of poison {unknown}
 s - 3 scrolls of brand weapon {unknown}
 u - 3 scrolls of teleportation {unknown}
 x - a scroll of enchant armour {unknown}
 B - a scroll of butterflies {unknown}
Potions
 e - 4 potions of curing
 j - a potion of ambrosia
 l - a potion of flight
 t - a potion of attraction
 v - a potion of brilliance
 w - 2 potions of mutation


   Skills:
 + Level 11.0 Fighting
 + Level 10.6 Axes
 - Level 3.6 Armour
 - Level 3.6 Shields


You had 8 spell levels left.
You didn't know any spells.
Your spell library contained the following spells:

 Spells                   Type           Power      Damage    Failure   Level
 Call Canine Familiar     Summ           0%         N/A       99%         3
 Portal Projectile        Hex/Tloc       0%         N/A       99%         3
 Leda's Liquefaction      Hex/Erth       0%         N/A       100%        4


Dungeon Overview and Level Annotations

Branches:
Dungeon (7/15)
 Temple: D:4-7

Altars:
Ashenzari
Kikubaaqudgha
Yredelemnul
The Shining One


Innate Abilities, Weirdness & Mutations

You have a pair of horns on your head.
You reflexively headbutt those who attack you in melee.


Message History

The orc warrior barely misses you. You furiously retaliate!
You headbutt the orc warrior!
The orc warrior attacks as you move away!
You block the orc warrior's attack.
The orc warrior attacks as you move away!
The orc warrior misses you. You furiously retaliate!
You headbutt the orc warrior, but do no damage.
The orc warrior attacks as you move away!
The orc warrior hits you with a +0 battleaxe!
There is an open door here.
The orc warrior attacks as you move away!
The orc warrior hits you with a +0 battleaxe.
* * * LOW HITPOINT WARNING * * *
The orc warrior attacks as you move away!
The orc warrior hits you with a +0 battleaxe!
* * * LOW HITPOINT WARNING * * *
You feel much better.
You feel very mighty all of a sudden.
The orc warrior hits you with a +0 battleaxe!
* * * LOW HITPOINT WARNING * * *
The orc priest mumbles some strange prayers to Beogh against you.
Beogh smites you!
* * * LOW HITPOINT WARNING * * *
You completely miss the orc priest. You slash the orc warrior!
You kill the orc warrior!
The orc priest mumbles some strange prayers to Beogh against you.
Pain shoots through your body!
* * * LOW HITPOINT WARNING * * *
Your Fighting skill increases to level 11!
You barely miss the orc priest. You slash the orc priest!
The orc priest hits you with a +0 short sword.
* * * LOW HITPOINT WARNING * * *
The orc priest calls upon Beogh to heal the orc priest.
The orc priest is healed somewhat.
You slash the orc priest!
The orc priest is heavily wounded.
You slash the orc priest!
The orc priest calls down the wrath of Beogh upon you.
Beogh smites you!
You die...

# #.# # #o# ###
###.# ..### #...#
#...### #o###
###...# #.#
###.##### #.#
#.....# #######'##
#####.###...@oo..#
#..##...)o...#
#####.##........#
#......>........#
#.######........#
#........#
#........#
#........#
##########


You could see 2 orc priests and an orc.

Vanquished Creatures
  Sigmund (D:4)
  A steam dragon (D:6)
  3 water moccasins
  A sky beast (D:7)
  2 orc warriors
  An ice beast (D:5)
  An ogre (D:5)
  A centaur (D:6)
  A phantom (D:3)
  A kobold brigand (D:6)
  A necrophage (D:4)
  A bullfrog (D:5)
  A scorpion (D:4)
  2 hounds
  3 orc priests
  3 iguanas
  2 jellies
  2 orc wizards
  Jessica (D:2)
  Terence (D:2)
  A gnoll bouda (D:6)
  Natasha (thrice) (D:2)
  16 gnolls
  2 adders
  A shadow imp (D:5)
  An ufetubus (D:6)
  A worm (D:3)
  4 dart slugs
  36 orcs
  5 ball pythons
  3 bat zombies (D:5)
  4 endoplasms
  3 giant cockroaches
  6 goblins
  3 hobgoblins
  6 jackals (D:2)
  5 quokkas
  4 bats
  5 frilled lizards (D:2)
  14 kobolds
  2 rats (D:1)
  3 rat zombies (D:5)
158 creatures vanquished.

Vanquished Creatures (others)
  An endoplasm (D:4)
  2 fungi (D:2)
  5 plants (D:2)
8 creatures vanquished.

Grand Total: 166 creatures vanquished

Notes
Turn   | Place    | Note
-------+----------+-------------------------------------------
     0 | D:1      | warriortoast the Minotaur Fighter began the quest for the
                  | Orb.
     0 | D:1      | Reached XP level 1. HP: 19/19 MP: 0/0
   220 | D:1      | Reached skill level 4 in Fighting
   220 | D:1      | Reached XP level 2. HP: 27/27 MP: 1/1
   733 | D:2      | Reached XP level 3. HP: 26/34 MP: 2/2
   749 | D:2      | Found a faded altar of an unknown god.
   905 | D:2      | Noticed Natasha
   912 | D:2      | Killed Natasha
   913 | D:2      | Reached XP level 4. HP: 34/41 MP: 3/3
   969 | D:2      | Noticed Terence
   990 | D:1      | Reached skill level 5 in Fighting
  1335 | D:2      | Killed Terence
  1353 | D:2      | Noticed Jessica
  1357 | D:2      | Killed Jessica
  1358 | D:2      | Reached XP level 5. HP: 9/50 MP: 4/4
  1735 | D:2      | Reached skill level 5 in Axes
  1840 | D:2      | Noticed Natasha
  1850 | D:2      | Killed Natasha
  2048 | D:2      | Noticed Natasha
  2054 | D:2      | Killed Natasha
  2055 | D:2      | Reached skill level 6 in Fighting
  2357 | D:3      | Noticed a phantom
  2365 | D:3      | Killed a phantom
  2366 | D:3      | Reached XP level 6. HP: 57/58 MP: 5/5
  3170 | D:3      | Reached skill level 7 in Fighting
  3852 | D:4      | Reached XP level 7. HP: 34/66 MP: 6/6
  4298 | D:4      | Noticed Sigmund
  4343 | D:4      | Killed Sigmund
  4344 | D:4      | Reached skill level 8 in Fighting
  4479 | D:4      | Found a broken altar of Ashenzari.
  4581 | D:4      | Found a basalt altar of Yredelemnul.
  4594 | D:4      | Found a glowing golden altar of the Shining One.
  4601 | D:4      | Noticed a profane servitor
  4729 | D:4      | Noticed an angel
  4777 | D:5      | Entered Level 5 of the Dungeon
  5201 | D:5      | Reached XP level 8. HP: 66/75 MP: 7/7
  5317 | D:5      | Reached skill level 9 in Fighting
  6021 | D:5      | Found an ancient bone altar of Kikubaaqudgha.
  6902 | D:6      | Reached skill level 10 in Fighting
  7353 | D:6      | Reached skill level 10 in Axes
  7566 | D:6      | Reached XP level 9. HP: 53/86 MP: 8/8
  8871 | D:7      | Reached skill level 11 in Fighting
  8872 | D:7      | Killed from afar by an orc priest

Illustrated notes

Levels and vault maps discovered:
D:1:      dreamdust_arrival_sigmund_warning, layout_loops_ring
D:2:      layout_loops_ring, dreamdust_ecumenical_altar_grove, minmay_cut_off,
          uniq_natasha, uniq_terence, uniq_jessica
D:3:      layout_loops_ring
D:4:      layout_rooms, grunt_temple_overflow_holy_war,
          lemuel_coloured_pillars_altar, uniq_sigmund
D:5:      layout_cave_pools, lemuel_zombie_altar_kikubaaqudgha
D:6:      layout_cave_pods
D:7:      layout_basic, minmay_temple_entry_proselytizer

Skill      XL: |  1  2  3  4  5  6  7  8  9 |
---------------+----------------------------+-----
Fighting       | 4 5 6 7 8 10 11 | 11.0
Axes           | 3 4 5 6 8 10 | 10.6
Armour         | |  3.6
Shields        | |  3.6

Action                   |  1- 3 |  4- 6 |  7- 9 || total
-------------------------+-------+-------+-------++-------
Melee: War axe           |    69 |   108 |   209 ||   386
       Headbutt          |    10 |    12 |    38 ||    60
Throw: Javelin           |       |       |    15 ||    15
       Boomerang         |       |       |     1 ||     1
  Use: Potion            |       |     1 |     2 ||     3
       Scroll            |       |       |     8 ||     8
Armor: Scale mail        |    35 |    28 |    61 ||   124
Dodge: Dodged            |    38 |    40 |    82 ||   160
Block: Buckler           |    14 |    34 |    45 ||    93
